[ AOE2 MATCH · #495177332 ]
UnrankedBulgarians vs Maya
Player's team · WIN
Rival team · LOSS
[ REPLAY ANALYSIS · EXTRACTED FROM THE RECORDED GAME ]
Feudal
13:06
Castle
26:54
Imperial
—
| APM avg | 28.6 |
| APM peak | 57 |
| eAPM avg | 16.4 |
| Villagers / military | 83 / 81 |
Focus
⚔️ 28.1% · 🌾 71.9%
Militia ×62 · Konnik ×14 · Fishing Ship ×13 · Battering Ram ×5
Feudal
12:54
Castle
34:30
Imperial
—
| APM avg | 41.1 |
| APM peak | 68 |
| eAPM avg | 24.0 |
| Villagers / military | 68 / 59 |
Focus
⚔️ 27.2% · 🌾 72.8%
Militia ×28 · Spearman ×26 · Fishing Ship ×14 · Eagle Scout ×5 · Unknown (2626) ×2
Match map
Initial resources + every placement click. Lines = walls · curves = elevation contours. ◆ gold · ⬟ stone · ● berries · ✦ relic · ◌ wall gap
Your base· Open — unwalled flank
angelferoz's base· Open — unwalled flank
Smoothed initial terrain · ◌ = detected wall gap · hover for details
Inputs per minute
— lauyikken123 - - angelferoz
Build order — lauyikken123
First 150 of 277 actions detected
| 0:03 | Queue | Villager (Male) |
| 0:03 | Queue | Villager (Male) |
| 0:03 | Queue | Villager (Male) |
| 0:04 | Queue | Villager (Male) |
| 0:04 | Queue | Villager (Male) |
| 0:06 | Build | House |
| 0:07 | Build | House |
| 0:33 | Build | House |
| 1:32 | Queue | Villager (Male) |
| 1:33 | Queue | Villager (Male) |
| 2:10 | Queue | Villager (Male) |
| 2:19 | Research | Loom |
| 2:46 | Queue | Villager (Male) |
| 3:10 | Queue | Villager (Male) |
| 3:18 | Queue | Villager (Male) |
| 3:42 | Queue | Villager (Male) |
| 4:02 | Queue | Villager (Male) |
| 4:22 | Queue | Villager (Male) |
| 4:30 | Build | Lumber Camp |
| 5:07 | Queue | Villager (Male) |
| 5:38 | Queue | Villager (Male) |
| 5:39 | Queue | Villager (Male) |
| 5:55 | Build | Mill |
| 6:03 | Queue | Villager (Male) |
| 6:30 | Build | House |
| 6:33 | Queue | Villager (Male) |
| 6:35 | Queue | Villager (Male) |
| 6:57 | Queue | Villager (Male) |
| 7:24 | Build | Dock |
| 7:28 | Queue | Villager (Male) |
| 7:58 | Queue | Villager (Male) |
| 8:07 | Build | Mining Camp |
| 8:22 | Queue | Fishing Ship |
| 8:50 | Queue | Fishing Ship |
| 9:07 | Build | House |
| 9:23 | Queue | Villager (Male) |
| 9:36 | Queue | Fishing Ship |
| 9:56 | Queue | Villager (Male) |
| 9:58 | Queue | Fishing Ship |
| 10:02 | Build | House |
| 10:31 | Queue | Villager (Male) |
| 10:49 | Research | Feudal Age |
| 10:58 | Build | Mill |
| 11:12 | Queue | Fishing Ship |
| 11:12 | Queue | Fishing Ship |
| 11:16 | Queue | Militia |
| 11:17 | Queue | Militia |
| 11:18 | Queue | Militia |
| 11:18 | Queue | Militia |
| 11:19 | Queue | Militia |
| 11:27 | Build | Farm |
| 11:31 | Build | Farm |
| 11:37 | Build | House |
| 11:38 | Build | House |
| 12:17 | Queue | Militia |
| 12:25 | Queue | Militia |
| 12:51 | Queue | Militia |
| 12:51 | Queue | Militia |
| 13:04 | Build | House |
| 13:06 | Age | Feudal Age |
| 13:09 | Queue | Militia |
| 13:19 | Queue | Fishing Ship |
| 13:20 | Queue | Fishing Ship |
| 13:25 | Build | Farm |
| 13:25 | Build | Farm |
| 13:25 | Build | Farm |
| 13:39 | Queue | Militia |
| 14:23 | Queue | Militia |
| 14:45 | Queue | Villager (Male) |
| 14:46 | Queue | Villager (Male) |
| 14:46 | Queue | Villager (Male) |
| 14:47 | Queue | Villager (Male) |
| 14:57 | Build | Barracks |
| 15:24 | Queue | Villager (Male) |
| 15:33 | Queue | Militia |
| 15:33 | Queue | Militia |
| 15:33 | Queue | Militia |
| 15:37 | Build | Blacksmith |
| 16:08 | Queue | Militia |
| 16:10 | Research | Arson |
| 16:22 | Queue | Militia |
| 16:36 | Research | Forging |
| 16:36 | Research | Scale Mail Armor |
| 16:40 | Queue | Militia |
| 16:47 | Build | Mining Camp |
| 16:56 | Queue | Villager (Male) |
| 17:01 | Build | Watch Tower |
| 17:11 | Build | Watch Tower |
| 17:18 | Queue | Militia |
| 17:33 | Queue | Fishing Ship |
| 17:33 | Queue | Fishing Ship |
| 17:33 | Queue | Fishing Ship |
| 17:34 | Queue | Fishing Ship |
| 17:54 | Queue | Villager (Male) |
| 18:07 | Queue | Villager (Male) |
| 18:12 | Build | Mill |
| 18:13 | Build | Farm |
| 18:14 | Build | Farm |
| 18:15 | Build | Farm |
| 18:19 | Research | Double-Bit Axe |
| 18:21 | Queue | Villager (Male) |
| 18:42 | Queue | Villager (Male) |
| 18:47 | Build | Lumber Camp |
| 19:07 | Queue | Villager (Male) |
| 19:19 | Build | House |
| 19:20 | Build | House |
| 19:38 | Queue | Militia |
| 19:38 | Queue | Militia |
| 20:02 | Queue | Villager (Male) |
| 20:05 | Queue | Villager (Male) |
| 20:09 | Build | Farm |
| 20:09 | Build | Farm |
| 20:10 | Build | Farm |
| 20:11 | Build | Farm |
| 20:46 | Queue | Militia |
| 20:51 | Queue | Villager (Male) |
| 20:57 | Research | Tech 906 |
| 20:57 | Queue | Fishing Ship |
| 21:05 | Build | Mill |
| 21:06 | Build | Farm |
| 21:07 | Build | Farm |
| 21:07 | Build | Farm |
| 21:08 | Build | Farm |
| 21:10 | Build | Farm |
| 21:11 | Build | Farm |
| 21:22 | Queue | Villager (Male) |
| 21:47 | Queue | Villager (Male) |
| 21:59 | Build | Market |
| 22:34 | Queue | Villager (Male) |
| 23:49 | Queue | Villager (Male) |
| 24:03 | Research | Castle Age |
| 24:22 | Build | Farm |
| 24:23 | Queue | Villager (Male) |
| 24:27 | Queue | Militia |
| 24:54 | Build | Mill |
| 24:55 | Build | Farm |
| 24:56 | Build | Farm |
| 24:56 | Build | Farm |
| 25:00 | Build | Farm |
| 25:14 | Queue | Militia |
| 25:21 | Research | Gold Mining |
| 25:35 | Queue | Militia |
| 25:40 | Build | Barracks |
| 25:52 | Queue | Militia |
| 26:08 | Queue | Villager (Male) |
| 26:09 | Queue | Villager (Male) |
| 26:37 | Queue | Militia |
| 26:38 | Queue | Militia |
| 26:52 | Queue | Militia |
| 26:53 | Queue | Militia |
Build order — angelferoz
First 150 of 220 actions detected
| 0:01 | Research | Loom |
| 0:06 | Build | House |
| 0:11 | Build | House |
| 0:31 | Queue | Villager (Male) |
| 0:31 | Queue | Villager (Male) |
| 0:37 | Queue | Villager (Male) |
| 0:38 | Queue | Villager (Male) |
| 1:34 | Queue | Villager (Male) |
| 2:05 | Queue | Villager (Male) |
| 2:05 | Queue | Villager (Male) |
| 2:20 | Queue | Villager (Male) |
| 2:47 | Queue | Villager (Male) |
| 3:13 | Build | House |
| 3:23 | Queue | Villager (Male) |
| 3:23 | Queue | Villager (Male) |
| 3:57 | Build | Dock |
| 3:57 | Queue | Villager (Male) |
| 4:28 | Build | Lumber Camp |
| 4:29 | Queue | Villager (Male) |
| 4:58 | Queue | Villager (Male) |
| 4:59 | Queue | Villager (Male) |
| 5:24 | Queue | Villager (Male) |
| 5:44 | Queue | Fishing Ship |
| 5:44 | Queue | Fishing Ship |
| 5:56 | Queue | Villager (Male) |
| 5:56 | Queue | Villager (Male) |
| 6:02 | Build | House |
| 6:28 | Queue | Villager (Male) |
| 6:48 | Build | House |
| 6:54 | Queue | Fishing Ship |
| 6:55 | Queue | Fishing Ship |
| 7:03 | Queue | Villager (Male) |
| 7:25 | Queue | Fishing Ship |
| 7:25 | Queue | Fishing Ship |
| 7:25 | Queue | Fishing Ship |
| 7:57 | Queue | Villager (Male) |
| 8:04 | Build | House |
| 9:11 | Queue | Fishing Ship |
| 9:11 | Queue | Fishing Ship |
| 9:29 | Queue | Villager (Male) |
| 9:30 | Queue | Villager (Male) |
| 9:32 | Queue | Villager (Male) |
| 9:38 | Build | Outpost |
| 10:04 | Build | Outpost |
| 10:22 | Queue | Fishing Ship |
| 10:23 | Queue | Fishing Ship |
| 10:41 | Research | Feudal Age |
| 10:41 | Research | Feudal Age |
| 10:58 | Build | Mining Camp |
| 11:47 | Build | Mining Camp |
| 12:08 | Queue | Militia |
| 12:08 | Queue | Militia |
| 12:16 | Build | Outpost |
| 12:54 | Age | Feudal Age |
| 13:03 | Build | Watch Tower |
| 13:06 | Research | Town Watch |
| 13:14 | Build | Watch Tower |
| 13:17 | Queue | Spearman |
| 13:17 | Queue | Spearman |
| 13:23 | Queue | Villager (Male) |
| 13:24 | Queue | Villager (Male) |
| 13:25 | Queue | Villager (Male) |
| 13:26 | Queue | Villager (Male) |
| 13:26 | Queue | Villager (Male) |
| 13:27 | Queue | Villager (Male) |
| 13:56 | Build | House |
| 14:08 | Build | Watch Tower |
| 14:22 | Build | House |
| 15:00 | Queue | Villager (Male) |
| 15:01 | Queue | Villager (Male) |
| 15:02 | Queue | Villager (Male) |
| 15:18 | Build | Watch Tower |
| 15:23 | Queue | Villager (Male) |
| 15:24 | Queue | Villager (Male) |
| 15:25 | Queue | Villager (Male) |
| 15:25 | Queue | Villager (Male) |
| 15:26 | Queue | Villager (Male) |
| 15:27 | Queue | Villager (Male) |
| 16:07 | Queue | Militia |
| 16:08 | Queue | Militia |
| 16:21 | Build | Watch Tower |
| 16:32 | Queue | Villager (Male) |
| 16:35 | Queue | Villager (Male) |
| 17:38 | Queue | Villager (Male) |
| 17:40 | Queue | Villager (Male) |
| 17:40 | Queue | Villager (Male) |
| 17:49 | Build | Lumber Camp |
| 18:35 | Queue | Villager (Male) |
| 18:37 | Queue | Villager (Male) |
| 18:38 | Queue | Villager (Male) |
| 18:48 | Queue | Militia |
| 18:48 | Queue | Militia |
| 19:05 | Queue | Villager (Male) |
| 19:13 | Build | Blacksmith |
| 19:18 | Research | Arson |
| 19:19 | Research | Man-at-Arms (upgrade) |
| 19:20 | Research | Man-at-Arms (upgrade) |
| 19:43 | Queue | Militia |
| 19:43 | Queue | Militia |
| 20:10 | Queue | Militia |
| 20:11 | Queue | Militia |
| 20:33 | Research | Fletching |
| 20:50 | Build | House |
| 20:52 | Research | Forging |
| 20:53 | Research | Forging |
| 21:18 | Build | Watch Tower |
| 21:42 | Queue | Militia |
| 21:42 | Queue | Militia |
| 21:53 | Build | Mill |
| 21:58 | Queue | Villager (Male) |
| 22:01 | Queue | Fishing Ship |
| 22:02 | Queue | Fishing Ship |
| 22:02 | Queue | Fishing Ship |
| 22:21 | Build | House |
| 22:23 | Build | House |
| 22:35 | Build | Farm |
| 22:35 | Build | Farm |
| 22:35 | Build | Farm |
| 22:35 | Build | Farm |
| 22:36 | Build | Farm |
| 22:36 | Build | Farm |
| 22:36 | Build | Farm |
| 22:37 | Build | Farm |
| 22:45 | Queue | Villager (Male) |
| 22:59 | Build | Watch Tower |
| 24:02 | Queue | Militia |
| 24:03 | Queue | Militia |
| 24:07 | Queue | Villager (Male) |
| 24:14 | Build | House |
| 24:23 | Build | Farm |
| 24:23 | Build | Farm |
| 24:23 | Build | Farm |
| 24:23 | Build | Farm |
| 24:24 | Build | Farm |
| 24:24 | Build | Farm |
| 24:24 | Build | Farm |
| 24:25 | Build | Farm |
| 24:25 | Build | Farm |
| 24:25 | Build | Farm |
| 24:57 | Build | Farm |
| 24:59 | Queue | Villager (Male) |
| 25:00 | Queue | Villager (Male) |
| 27:13 | Queue | Unit 2626 |
| 27:13 | Queue | Unit 2626 |
| 27:26 | Build | Market |
| 27:29 | Queue | Villager (Male) |
| 27:31 | Queue | Villager (Male) |
| 28:53 | Build | Watch Tower |
| 29:26 | Build | Mining Camp |
| 29:28 | Research | Scale Mail Armor |
Match timeline
| 3:57 | angelferoz · first_building Dock |
| 7:24 | lauyikken123 · first_building Dock |
| 12:54 | angelferoz · age_up feudal |
| 13:06 | lauyikken123 · age_up feudal |
| 14:57 | lauyikken123 · first_building Barracks |
| 23:57 | lauyikken123 · first_market_sell 100 wood |
| 23:58 | lauyikken123 · first_market_buy 100 food |
| 26:54 | lauyikken123 · age_up castle |
| 28:33 | lauyikken123 · first_building Siege Workshop |
| 29:14 | lauyikken123 · first_building Krepost |
| 31:13 | angelferoz · first_building Barracks |
| 34:00 | lauyikken123 · first_building Stable |
| 34:30 | angelferoz · age_up castle |
| 37:23 | angelferoz · first_market_buy 100 stone |
| 37:40 | angelferoz · first_building Castle |
| 40:52 | angelferoz · resign |
[ AI ANALYSIS · 1 CREDIT ]
What really happened in this match?
Wolo.gg analyzes every decision: build order, eco, micro, common mistakes by bracket. Personalized analysis on WhatsApp or Discord in 30 seconds.
Civ guide
Bulgarians
Perfil
Jugador #22582298